 Dungeon Sprint DCSS version 0.23-a0-701-gd76f34b (webtiles) character file.

30 Lanoc the Slasher (level 3, -8/45 HPs)
             Began as a Demonspawn Berserker on Jan 11, 2019.
             Was a Priest of Trog.
             Mangled by a centaur
             ... wielding a cursed +0 shortbow
              (9 damage)
             ... in the Dungeon (Sprint IX: "|||||||||||||||||||||||||||||") on Jan 12, 2019.
             The game lasted 00:01:10 (125 turns).

Lanoc the Slasher (Demonspawn Berserker)             Turns: 125, Time: 00:01:11

Health: -8/45      AC:  2    Str: 23    XL:     3   Next: 3%
Magic:  3/3        EV: 13    Int:  8    God:    Trog [***...]
Gold:   0          SH:  0    Dex: 12    Spells: 2/2 levels left

rFire    . . .     SeeInvis .   a - +0 falchion
rCold    . . .     Gourm    .   (no shield)
rNeg     . . .     Faith    .   b - +0 animal skin
rPois    .         Spirit   .   (no helmet)
rElec    .         Reflect  .   (no cloak)
rCorr    .         Harm     .   (no gloves)
MR       .....     NoTele   +   (no boots)
Stlth    ..........             (no amulet)
HPRegen  0.15/turn              (no ring)
MPRegen  0.08/turn              (no ring)

@: berserking, lethally poisoned (-8 -> -17), very quick
A: hooves 1, powered by death 1
a: Berserk, Trog's Hand, Renounce Religion


You were in the Dungeon.
You worshipped Trog.
Trog was most pleased with you.
You were not hungry.

You visited 1 branch

Inventory:

Hand Weapons
 a - a +0 falchion (weapon)
Armour
 b - a +0 animal skin (worn)
Scrolls
 i - a scroll of blinking
Potions
 d - a potion of curing
 e - a potion of heal wounds
 f - a potion of haste
 g - 2 potions of magic
 h - a potion of berserk rage
Comestibles
 c - a ration
 j - 3 chunks of flesh


   Skills:
 + Level 4.0 Fighting
 * Level 4.4 Long Blades
 + Level 3.0 Armour
 + Level 3.0 Dodging


You had 2 spell levels left.
You didn't know any spells.
Your spell library was empty.

Dungeon Overview and Level Annotations

Branches:
Dungeon (1/1)

Altars:


Innate Abilities, Weirdness & Mutations

You have large cloven feet.
You regenerate a little health from kills.


Message History

You feel stronger.
Your demonic ancestry asserts itself...
Your feet thicken and deform.
* * * LOW HITPOINT WARNING * * *
You feel sick.
You slash the ball python!
You kill the ball python!
Trog accepts your kill.
* * * LOW HITPOINT WARNING * * *
You feel sick.
The centaur wields a cursed +0 shortbow.
The centaur shoots an arrow.
The arrow hits you!
* * * LOW HITPOINT WARNING * * *
The centaur shoots an arrow.
The arrow closely misses you.
There is an open door here.
You see here a ball python corpse.
You feel a strong urge to attack something.
* * * LOW HITPOINT WARNING * * *
You feel sick.
The centaur hits you with a cursed +0 shortbow!
You die...

▓.▓
▓÷▓
▓(▓
▓.▓
▓.▓
▓.▓
▓.▓
▓†▓
▓@▓
▓c▓
▓r▓
▓O▓
▓.▓
▓+▓


You could see an ogre, a centaur and a quokka.

Vanquished Creatures
  A worker ant (D)
  A dart slug (D)
  A giant cockroach (D)
  A hobgoblin (D)
  A ball python (D)
  A bat (D)
  A frilled lizard (D)
7 creatures vanquished.

Notes
Turn   | Place    | Note
-------+----------+-------------------------------------------
     0 | D        | Lanoc the Demonspawn Berserker began the quest for the Orb.
     0 | D        | Reached XP level 1. HP: 18/18 MP: 1/1
     0 | D        | Upgraded the game from 0.23-a0-690-g0a1fc62 to
                  | 0.23-a0-701-gd76f34b
    17 | D        | Reached ** piety under Trog
   115 | D        | Noticed a worker ant
   115 | D        | Noticed a centaur
   115 | D        | Noticed an ogre
   122 | D        | Killed a worker ant
   122 | D        | Gained mutation: You regenerate a little health from kills.
                  | [demonic ancestry]
   122 | D        | Reached XP level 2. HP: 10/25 MP: 2/2
   122 | D        | Gained mutation: You have large cloven feet. [demonic
                  | ancestry]
   122 | D        | Reached XP level 3. HP: 12/30 MP: 3/3
   123 | D        | Reached *** piety under Trog
   123 | D        | HP: 1/45 [centaur/arrow (9)]
   125 | D        | Mangled by a centaur

Vault maps used:
D:        linesprint

Skill      XL: |  1 |
---------------+----+-----
Long Blades    | 4 |  4.4
Armour         | 3 |  3.0
Dodging        | 3 |  3.0
Fighting       | 4 |  4.0

Action                   || total
-------------------------++-------
Melee: Falchion          ||    25
Invok: Berserk           ||     1
Armor: Animal skin       ||     4
Dodge: Dodged            ||    11
       Rpst.: Falchion   ||     2

Table legend:
 A = Non-vault XP
 B = Vault XP
 C = Vault XP percentage of total XP
 D = Non-vault monster count
 E = Vault monster count
 F = Vault count percentage of total count
                 A         B        C        D         E       F
            +---------+---------+-------+---------+---------+-------
      Total |       0 |      43 | 100.0 |       0 |       7 | 100.0
            +---------+---------+-------+---------+---------+-------
          D |       0 |      43 | 100.0 |       0 |       7 | 100.0
            +---------+---------+-------+---------+---------+-------
